[Event "ROM-GER Kings"]
[Site "Medias"]
[Date "2015.11.02"]
[Round "4.3"]
[White "Parligras, Mircea Emilian"]
[Black "Donchenko, Alexander"]
[Result "1/2-1/2"]
[ECO "E16"]
[WhiteElo "2586"]
[BlackElo "2577"]
[Annotator "Bulmaga,I"]
[PlyCount "80"]
[EventDate "2015.10.30"]
[EventType "schev"]
[EventRounds "5"]
[EventCountry "ROU"]
[SourceTitle "CBM 169"]
[Source "ChessBase"]
[SourceDate "2015.11.10"]
[SourceVersion "1"]
[SourceVersionDate "2015.11.10"]
[SourceQuality "1"]
[WhiteTeam "Romania"]
[BlackTeam "Germany"]
[WhiteTeamCountry "ROU"]
[BlackTeamCountry "GER"]
[TimeControl "40/5400+30:1800+30"]

1. d4 Nf6 2. c4 e6 3. Nf3 Bb4+ 4. Bd2 a5 5. g3 b6 6. Bg2 Bb7 7. O-O O-O 8. Bg5
Be7 9. Qc2 Be4 10. Qd2 h6 11. Bxf6 Bxf6 12. Nc3 {[#]} d5 $6 {Der erste
kritische Moment der Partie. Schwarz musste sich entscheiden, ob er bei dem
üblichen Plan mit Bb7,d6,Nbd7 bleibt oder ob er so spielt wie in der Partie.
Ich glaube, der weißfeldrige Läufer war auf der Diagonale h1-a8 besser
aufgehoben.} (12... Bb7 13. e4 d6 14. Rad1 Nd7 $13) 13. Rfd1 Nc6 14. e3 Bh7 15.
Qe2 Rc8 16. Rac1 (16. cxd5 $5 exd5 17. Bh3 Rb8 18. Rac1 Ne7 19. Ne5 Bxe5 20.
dxe5 c6 21. Qd2 $14) 16... Ne7 17. e4 dxe4 18. Nxe4 Bxe4 19. Qxe4 Qd6 20. c5
Qd5 21. Qxd5 Nxd5 22. Ne5 Rcd8 23. a3 Ne7 24. Be4 g5 25. b4 (25. c6 Rd6 26. Nd7
Bxd4 27. Nxf8 Kxf8 $44) 25... axb4 26. axb4 bxc5 {[#]} 27. Rxc5 $6 {Plötzlich
hat Schwarz die bessere Bauernstruktur und leichten Vorteil im Endspiel.} (27.
bxc5 $11) 27... Bxe5 28. Rxe5 c6 $15 29. Rc5 Rd6 30. Kg2 Rfd8 31. Rc4 {[#]} e5
$6 (31... Kg7 $15) 32. Rdc1 exd4 33. Bxc6 Nxc6 34. Rxc6 Rxc6 35. Rxc6 d3 36.
Rc1 $11 Kg7 37. Kf3 d2 38. Rd1 Rb8 39. Rxd2 Rxb4 40. h3 Kg6 1/2-1/2

[Event "Metz op 31th"]
[Site "Metz"]
[Date "2013.04.23"]
[Round "5"]
[White "Jankovic, Alojzije"]
[Black "Nisipeanu, Liviu Dieter"]
[Result "1/2-1/2"]
[ECO "E16"]
[WhiteElo "2537"]
[BlackElo "2677"]
[Annotator "Metz Alekhine/Primel,D"]
[PlyCount "69"]
[EventDate "2013.04.20"]
[EventType "swiss"]
[EventRounds "9"]
[EventCountry "FRA"]
[SourceTitle "EXT 2016"]
[Source "ChessBase"]
[SourceDate "2015.10.08"]
[SourceVersion "1"]
[SourceVersionDate "2015.10.08"]
[SourceQuality "1"]
[TimeControl "40/5400:1800+30"]
[WhiteClock "1:30:00"]
[BlackClock "1:30:00"]

1. d4 Nf6 2. c4 e6 3. Nf3 b6 4. g3 Bb7 5. Bg2 Bb4+ 6. Bd2 Bxd2+ 7. Qxd2 O-O 8.
Nc3 Ne4 9. Qd3 $5 {Une vieille idée de Tal} (9. Qc2 {La ligne principale} Nxc3
10. Ng5) (9. Nxe4 Bxe4 10. O-O d6 11. Qe3 Bb7 12. Rfd1 Nd7 13. d5 Re8 14. Qd2
a5 15. Nd4 Nc5 16. dxe6 fxe6 17. Bxb7 Nxb7 18. Nb5 Rf8 19. Qe3 Nc5 20. b3 Rf7
21. a3 Qf6 22. Rab1 e5 23. Nc3 Raf8 24. f3 Ne6 25. Rd3 g5 26. b4 axb4 27. axb4
g4 28. Qe4 Qh6 29. Rf1 Kh8 30. h4 Nf4 31. gxf4 Rxf4 32. Qe3 Rg8 33. Rf2 Qxh4
34. fxg4 Rfxg4+ {0-1 (34) Duda,J (2553)-Yu,Y (2677) Wijk aan Zee 2014}) 9...
Nxc3 $5 (9... f5 {Polugaevsky,L (2590)-Dokhoian,Y (2520) Belgrade GMA op 1988
1-0}) 10. Ng5 {[%csl Rh7][%cal Gg2b7] Le piège de Monticelli comme
l'appellait Tartakover} Ne4 {La réhabiliation de la variante Nc3} 11. Nxe4 d5
12. cxd5 Bxd5 13. O-O a5 $146 (13... Nc6 14. Rfd1 Qe7 15. Nc3 Bxg2 16. Kxg2
Rad8 17. Qe4 Rd6 18. Rac1 a6 19. Nb5 axb5 20. Rxc6 Qd7 21. Rdc1 Rxd4 22. Qe5
Qd5+ 23. Qxd5 Rxd5 24. Rxc7 g6 25. R1c2 b4 26. R2c4 b3 27. axb3 Rd2 28. Rc2
Rfd8 29. Kf3 R2d5 30. Rc8 Rxc8 31. Rxc8+ Kg7 32. Rc4 Rb5 33. b4 Rd5 34. Ke3 Kf6
35. Rc6 Rb5 36. Kd3 Rxb4 37. Kc3 Rb5 38. b4 Ke7 39. Rc7+ Kf6 40. Rc6 Ke7 41.
Rc7+ Kf6 42. Rb7 Re5 43. e3 {Pashikian,A (2639)-Andreikin,D (2669) Plovdiv
2010 0-1 (61)}) 14. Bh3 $5 {[%cal Ge4c3] Evite l'échange des B} (14. Nc3 Bxg2
15. Kxg2 Na6 16. a3 (16. e4 Nb4 17. Qd2 c5 $132) 16... Qd7 17. Rad1) 14... Na6
15. Nc3 Bb7 16. a3 Qd6 17. Rfd1 (17. e4 Rfd8 18. Rfd1 c5 19. d5 exd5 20. exd5
Nc7 21. Bg2 Ba6) 17... Rfd8 18. Bg2 {Le signe que les Blancs n'ont rien obtenu
de l'ouverture} Bxg2 19. Kxg2 c5 20. d5 $1 Nc7 21. dxe6 Qc6+ 22. Qf3 Qxf3+ 23.
Kxf3 {[%cal Gf3c6] Les Blancs ont un petit avantage dans la finale en cas
d'échange des R avec un Kf3 centralisé qui peut arriver rapidement à
l'aile-dame} Nxe6 24. Nb5 (24. Rxd8+ $5 {Semblait plus logique} Rxd8 25. Rd1
Rxd1 26. Nxd1 Kf8 27. Ke4 Ke7 28. Ne3 Kd6 (28... Nd4 29. Nd5+ Kd6 30. Nxb6 Nxe2
31. Nc4+) 29. Nc4+ Kc7 30. Kd5 $16 ) 24... Kf8 25. a4 Ke7 26. e3 h5 (26... f5 ) 27. Na3 Ng5+ 28. Ke2
Ne4 29. Nc4 $14 Rab8 30. f3 Nd6 $1 31. Ne5 Rbc8 32. Rd5 f6 33. Ng6+ Kf7 34.
Rad1 Kxg6 35. Rxd6 1/2-1/2

[Event "Metz op 31th"]
[Site "Metz"]
[Date "2013.04.25"]
[Round "9"]
[White "Bauer, Christian"]
[Black "Donchenko, Alexander"]
[Result "1/2-1/2"]
[ECO "E16"]
[WhiteElo "2637"]
[BlackElo "2428"]
[Annotator "Metz Alekhine/Primel,D"]
[PlyCount "125"]
[EventDate "2013.04.20"]
[EventType "swiss"]
[EventRounds "9"]
[EventCountry "FRA"]
[SourceTitle "EXT 2016"]
[Source "ChessBase"]
[SourceDate "2015.10.08"]
[SourceVersion "1"]
[SourceVersionDate "2015.10.08"]
[SourceQuality "1"]
[TimeControl "40/5400:1800+30"]
[WhiteClock "1:30:00"]
[BlackClock "1:30:00"]

1. d4 d5 2. Nf3 e6 3. g3 Nf6 4. Bg2 c5 5. O-O (5. c4 {Aurait transposé dans
une Catalane ou une Tarrasch}) 5... b6 $6 {Transpose dans une Ouest-Indienne
mais avec une poussée c5 prématurée} (5... Nc6 $142 {La grande ligne} 6. c4
dxc4 7. Qa4 (7. Ne5 Bd7 8. Na3 cxd4 9. Naxc4) 7... Bd7 8. Qxc4 b5 $11) 6. c4 $1
Bb7 7. Bg5 $6 (7. cxd5 $142 exd5 8. Nc3 Be7 9. Re1 O-O 10. Bf4 {Aurait
retombé sur une grande ligne de l'Ouest-Indienne} Nbd7 {Le Quang,L (2689)
-Sadvakasov,D (2627) Asia rap (Men) 16th rapid 2010 (6) 1/2-1/2}) (7. Nc3 Be7
8. cxd5 exd5 9. Re1) (7. Ne5 $5 Nbd7 8. Qa4 (8. cxd5 Nxd5 9. e4
N5f6 10. Nc3 cxd4 11. Qxd4 Bc5 12. Qa4 ) 8... Be7 9. dxc5 (9. Nc3
cxd4 10. cxd5 dxc3 11. dxe6) 9... Bxc5 10. Nc3) 7... Be7 (7... dxc4 $5 {
Peut-être un moindre mal pour les Noirs pour éviter la prise cd5} 8. Na3 c3
9. bxc3 cxd4 10. cxd4 Be7 11. Nc4 O-O 12. Rc1 $32) 8. Nc3 Nbd7 9. Qa4 $1 O-O 10. Rfd1 $14 Qe8 {[%cal Ge8a4]
Evite le vis-à-vis avec la Rd1 mais la Qe8 est assez mal placée et les
Blancs vont accentuer l'avance de développement.} (10... h6 11. Be3 (11. cxd5
$5 hxg5 12. dxe6 fxe6 (12... Bxf3 13. Bxf3 fxe6 14. dxc5 Bxc5 15. b4 (15. Bxa8
Qxa8) 15... Bxf2+ 16. Kxf2 Rc8 17. Nb5 (17. Rac1 g4)) 13. Nxg5 $44 )) 11. Rac1 $32 h6 12. Be3 dxc4 13. dxc5 Nxc5 14. Qxe8 (
14. Qxc4 $143 Rc8 ) 14... Rfxe8 15. Ne5 $1 Bxg2 16. Kxg2 Rec8 (16... Rac8 17. Nxc4) 17. Nxc4 Nce4 18. Nxe4 Nxe4
19. f3 Nf6 20. Bd4 Rc7 21. a4 Rac8 22. b3 Nd7 23. Rd3 Bf6 24. Bxf6 gxf6 $1 (
24... Nxf6 25. Rcd1 Kf8 26. Kf2) 25. Rcd1 Nc5 26. Rd8+ Kh7
27. Rxc8 Rxc8 28. Ne3 Kg6 (28... Nxb3 $143 29. Rd7 ) 29. Rb1 Rd8
30. Kf2 Rd4 31. Nc2 Rd2 $132 {[%csl Rb1,Rb3,Rc2,Gd2] Les pièces Noires sont
plus actives} 32. Nb4 Rd4 33. Nc6 {Un coup naturel mais le N sera ensuite
hors-jeu} Rd7 34. Ke3 e5 35. f4 (35. a5 Rc7) 35... Kf5 36. fxe5 fxe5 37. g4+
Ke6 38. h3 a5 $1 39. b4 $8 Nxa4 40. bxa5 bxa5 41. Nxa5
$11 {Après la liquidation de l'aile-dame, la nulle sera difficile à éviter
pour le GMI} Nc3 42. Rb8 Nd5+ 43. Kf3 Rc7 44. Rb3 f6 45. Nb7 {Le N a du mal à
trouver des cases centrales} Rc1 46. e3 Rf1+ 47. Ke4 Ne7 48. Rb6+ (48. Nc5+ Kd6
49. Nd3) 48... Kd7 49. Nc5+ Ke8 50. Nb7 (50. h4 $5
$14 ) 50... Kd7 51. Nd6 Ra1 52. Nf5 $1 {Le GMI a enfin
réussi à activer le N} Ra4+ 53. Kf3 Nxf5 54. gxf5 Ke7 55. Rb7+ Kf8 56. e4 (
56. Rh7 Rh4 57. Kg3 Re4 58. Rxh6 Kg7 59. Rg6+ Kf7 60. Kf3 Rh4 61. Rg3 {[%cal
Gf3g2] Avec un K Noir coupé, la défense des Noirs n'est pas facile mais
c'est probablement encore nulle} Rh5 62. Ke4 (62. e4 Rh4) 62...
Ke7 63. Kd5 Rxf5 64. Rg7+ Kf8 65. Ke6 Rf3 66. Rf7+ Kg8 67. e4 Rf4) 56... h5 57.
Rb3 Kg7 58. Rd3 Rb4 59. Ke3 Kh6 60. h4 Kg7 61. Rd7+ Kg8 62. Kd3 Ra4 63. Rd8+
1/2-1/2

[Event "Metz op 31th"]
[Site "Metz"]
[Date "2013.07.24"]
[Round "7"]
[White "Jankovic, Alojzije"]
[Black "Dgebuadze, Alexandre"]
[Result "1/2-1/2"]
[ECO "E16"]
[WhiteElo "2537"]
[BlackElo "2515"]
[Annotator "Metz Alekhine/Primel,D"]
[PlyCount "50"]
[EventDate "2013.04.20"]
[EventType "swiss"]
[EventRounds "9"]
[EventCountry "FRA"]
[SourceTitle "EXT 2016"]
[Source "ChessBase"]
[SourceDate "2015.10.08"]
[SourceVersion "1"]
[SourceVersionDate "2015.10.08"]
[SourceQuality "1"]
[TimeControl "40/5400:1800+30"]
[WhiteClock "1:30:00"]
[BlackClock "1:30:00"]

1. d4 e6 2. c4 Nf6 (2... Bb4+) 3. Nf3 Bb4+ 4. Bd2 a5 (4... Qe7) 5. g3 b6 6. Bg2
Bb7 7. O-O O-O 8. Bg5 Be7 9. Qc2 Be4 10. Qd2 h6 11. Bxf6 Bxf6 12. Nc3 Bh7 $146
(12... d5 13. Rfd1 Nc6 14. e3 {Benjamin,J (2575)-Speelman,J (2615) Hastings
8788 1987 (5) 1/2-1/2}) 13. e4 $14 Na6 14. Rad1 {Les Blancs ont
un petit avantage d'espace et un meilleur développement mais la position
noire reste solide} c6 15. h4 (15. e5 Be7 16. Rfe1 Bb4 17. a3
Bxc3 18. Qxc3 Rc8 19. b4 ) 15... Rb8 $5 16. h5 b5 17. e5 Be7 18. c5 $5 {[%csl Ra6,Rb8,Rd7][%cal Gf3e1,Gf2f4]
Ferme le centre pour tentrer de prendre l'initiative à l'aile-roi} b4 19. Ne2
Nc7 20. Nf4 Nd5 21. Nxd5 cxd5 22. Nh2 f6
23. Ng4 (23. f4 fxe5 24. fxe5) 23... Bf5 24. exf6 Bxg4 25. fxe7
Qxe7 1/2-1/2